 Dungeon Crawl Stone Soup version 0.25.1-2-g60ff931df9 (webtiles) character file.

Game seed: 2169604426210480762

44 soggyman666 the Covered (level 3, -3/33 HPs)
             Began as a Minotaur Fighter on Nov 4, 2020.
             Slain by Sigmund
             ... wielding a +0 scythe
              (4 damage)
             ... on level 2 of the Dungeon.
             The game lasted 00:01:37 (1416 turns).

soggyman666 the Covered (Minotaur Fighter)          Turns: 1416, Time: 00:01:38

Health: -3/33      AC:  7    Str: 21    XL:     3   Next: 41%
Magic:  2/2        EV:  7    Int:  5    God:
Gold:   104        SH:  0    Dex:  9    Spells: 2/2 levels left

rFire    . . .     SeeInvis .   a - +0 war axe
rCold    . . .     Gourm    .   c - +0 kite shield
rNeg     . . .     Faith    .   b - +0 scale mail
rPois    .         Spirit   .   (helmet restricted)
rElec    .         Reflect  .   (no cloak)
rCorr    .         Harm     .   (no gloves)
MR       .....                  (no boots)
Stlth    ..........             (no amulet)
HPRegen  0.11/turn              (no ring)
MPRegen  0.08/turn              (no ring)

@: confused, mighty
A: retaliatory headbutt, horns 2
a: no special abilities


You were on level 2 of the Dungeon.
You were not hungry.

You visited 1 branch of the dungeon, and saw 2 of its levels.

You collected 104 gold pieces.

Inventory:

Hand Weapons
 a - a +0 war axe (weapon)
Armour
 b - a +0 scale mail (worn)
 c - a +0 kite shield (worn)
Scrolls
 e - 2 scrolls of identify {unknown}
 i - a scroll of teleportation {unknown}
 k - a scroll of blinking {unknown}
 m - a scroll of fear {unknown}
Potions
 d - a potion of might
 h - a potion of resistance {unknown}
 j - a potion of heal wounds {unknown}
 l - a potion of haste {unknown}
 n - 2 potions of curing {unknown}
Comestibles
 f - 5 rations
 g - 4 chunks of flesh


   Skills:
 + Level 3.8 Fighting
 + Level 3.2 Axes
 + Level 4.3 Armour
 + Level 0.1 Dodging
 + Level 4.2 Shields


You had 2 spell levels left.
You didn't know any spells.
Your spell library was empty.

Dungeon Overview and Level Annotations

Branches:
Dungeon (2/15)

Altars:

Annotations:
D:2 Sigmund


Innate Abilities, Weirdness & Mutations

You reflexively headbutt those who attack you in melee.
You have a pair of horns on your head.


Message History

You barely miss something. You block something's attack.
You miss something. You headbutt something!
You hear some strange, mumbled words.
A puff of flame appears from out of thin air!
The puff of flame hits you.
* * * LOW HITPOINT WARNING * * *
Something hits you.
* * * LOW HITPOINT WARNING * * *
You miss something. You hit something but do no damage. Something hits you!
* * * LOW HITPOINT WARNING * * *
Unknown command.
Sorry, you're not good enough to have a special ability.
You feel very mighty all of a sudden. Something completely misses you.
You miss something.
You hear some strange, mumbled words.
You are confused.
You closely miss something. Something hits you.
You die...

##### ....## ....# .... ..# #
#{#.# ############@#.# +...
....!.....# .. #..# #######'#####
### . #..# #...........# ..#
#####..# #...........# #####.#
.......###...........# #...#.#
.####...##...........###.#.#.####
.# #...##...........#.....[.....
.# #...##...........#.#.#.#.####


There were no monsters in sight!

Vanquished Creatures
  A worm (D:2)
  A dart slug (D:1)
  3 leopard geckos
  3 giant cockroaches
  2 goblins (D:2)
  3 hobgoblins
  7 jackals
  3 kobolds
  3 bats (D:1)
  6 frilled lizards
  A rat (D:1)
33 creatures vanquished.

Notes
Turn   | Place    | Note
-------+----------+-------------------------------------------
     0 | D:1      | soggyman666 the Minotaur Fighter began the quest for the
                  | Orb.
     0 | D:1      | Reached XP level 1. HP: 19/19 MP: 0/0
   242 | D:1      | Reached XP level 2. HP: 26/27 MP: 1/1
   851 | D:2      | Reached XP level 3. HP: 17/33 MP: 2/2
  1397 | D:2      | Noticed Sigmund
  1413 | D:2      | HP: 1/33 [something (7)]
  1416 | D:2      | Slain by Sigmund

Illustrated notes

Levels and vault maps discovered:
D:1:      minmay_arrival_up_and_down, layout_loops_ring, serial_forest,
          infiniplex_forest_side_room, infiniplex_forest_clump_small,
          infiniplex_forest_clump_cross, infiniplex_forest_clump_cross,
          infiniplex_forest_3_way, infiniplex_forest_clump_tiny,
          infiniplex_forest_lined_2
D:2:      layout_basic, first_ration, minmay_distorted, uniq_sigmund,
          uniq_terence

Skill      XL: |  1  2 |
---------------+-------+-----
Armour         | 4 |  4.3
Shields        | 4 |  4.2
Axes           | 3 |  3.2
Fighting       | |  3.8
Dodging        | |  0.1

Action                   || total
-------------------------++-------
Melee: War axe           ||   102
       Headbutt          ||    14
  Use: Potion            ||     1
  Eat: Chunk             ||     2
Armor: Scale mail        ||    47
Dodge: Dodged            ||    35
Block: Kite shield       ||    65
